 Dungeon Crawl Stone Soup version 0.21.0-3-g78d12a8 (webtiles) character file.

97658 HungrySpirit the Severer (level 15, -3/146 HPs)
             Began as a Deep Dwarf Monk on Jan 9, 2018.
             Was the Champion of Makhleb.
             Killed by divine providence
             ... invoked by a smoke demon
              (11 damage)
             ... on level 3 of the Abyss.
             The game lasted 01:02:00 (18997 turns).

HungrySpirit the Severer (Deep Dwarf Monk)         Turns: 18997, Time: 01:02:00

Health: -3/146     AC: 20    Str: 28    XL:     15   Next: 35%
Magic:  8/8        EV: 10    Int:  7    God:    Makhleb [******]
Gold:   393        SH:  6    Dex: 16    Spells: 14/14 levels left

rFire    + . .     SeeInvis +   z - +6 broad axe
rCold    + . .     Gourm    .   W - +0 buckler
rNeg     + . .     Faith    .   A - +1 plate armour of Mezcal {MR+ Str+8 Int-4 SInv} (curse)
rPois    .         Spirit   .   v - +1 helmet
rElec    .         Reflect  .   r - +0 cloak
rCorr    .         Harm     .   e - +0 pair of gloves
MR       +++..                  h - +1 pair of boots
Stlth    ..........             (no amulet)
HPRegen  0.00/turn              l - ring of protection from cold
MPRegen  0.11/turn              G - ring of protection from fire

@: about to teleport, very slightly contaminated, non-regenerating
A: damage resistance, heal wounds, [deformed body], negative energy resistance
1, sense surroundings 2, no regeneration
}: 1/15 runes: abyssal
a: Heal Wounds, Minor Destruction, Lesser Servant of Makhleb, Major Destruction,
Greater Servant of Makhleb, Renounce Religion


You were on level 3 of the Abyss.
You worshipped Makhleb.
Makhleb was exalted by your worship.
You were full.

You visited 4 branches of the dungeon, and saw 23 of its levels.
You visited the Abyss 1 time.
You also visited: Labyrinth.

You collected 1600 gold pieces.
You spent 1207 gold pieces at shops.

Inventory:

Hand Weapons
 z - a +6 broad axe (weapon)
 C - a +0 battleaxe
 J - a +0 executioner's axe
Armour
 e - a +0 pair of gloves (worn)
 h - a +1 pair of boots (worn)
 r - a +0 cloak (worn)
 v - a +1 helmet (worn)
 A - the cursed +1 plate armour of Mezcal (worn) {MR+ Str+8 Int-4 SInv}
   (You bought it in a shop on level 12 of the Dungeon)

   It affects your strength (+8).
   It affects your intelligence (-4).
   It affects your resistance to hostile enchantments.
   It lets you see invisible.
   It has a curse placed upon it.
 W - a +0 buckler (worn)
Jewellery
 d - an uncursed ring of protection from cold
 l - a ring of protection from cold (left hand)
 E - a +4 ring of protection
 F - an uncursed amulet of the gourmand
 G - a ring of protection from fire (right hand)
 H - an uncursed ring of fire
 U - an uncursed ring of protection from magic
Wands
 t - a wand of digging (53)
 B - a wand of flame (68)
 M - a wand of disintegration (3)
 O - a wand of random effects (12)
 S - a wand of iceblast (4)
 X - a wand of scattershot (3)
Scrolls
 b - 7 scrolls of remove curse
 f - 9 scrolls of teleportation
 g - a scroll of blinking
 n - 2 scrolls of magic mapping
 o - 4 scrolls of immolation
 p - 3 scrolls of identify
 u - 4 scrolls of fear
 x - 4 scrolls of amnesia
 y - 4 scrolls of enchant weapon
 I - 3 scrolls of enchant armour
 P - a scroll of summoning
 R - a scroll of fog
 V - a scroll of vulnerability
Potions
 a - a potion of mutation
 i - 8 potions of curing
 j - 5 potions of lignification
 m - 2 potions of flight
 s - 3 potions of brilliance
 w - 3 potions of resistance
 Q - a potion of ambrosia
Comestibles
 c - 28 rations


   Skills:
 + Level 12.8 Fighting
 * Level 19.7 Axes
 - Level 12.7 Armour
 - Level 3.2 Dodging
 - Level 2.4 Stealth
 - Level 5.8 Shields
 + Level 8.2 Invocations


You had 14 spell levels left.
You didn't know any spells.

Dungeon Overview and Level Annotations

Branches:
Dungeon (14/15)            Temple (1/1) D:6            Lair (6/6) D:10
 Shoals (0/4) Lair:4        Snake (0/4) Lair:2        Slime (0/5) Lair:5
    Orc (2/2) D:9          Vaults (0/5) D:13
    Elf: Orc:2

Altars:
Ashenzari
Cheibriados
Dithmenos
Elyvilon
Fedhas
Gozag
Hepliaklqana
Kikubaaqudgha
Makhleb
Nemelex Xobeh
Okawaru
Qazlal
Ru
Sif Muna
Trog
Uskayaw
Vehumet
Wu Jian
Xom
Yredelemnul
Zin
The Shining One

Shops:
D:6 %   D:11 [   D:12 [   Orc:2 [

Annotations:
D:8 Tux's ghost, novice GrFi
D:14 1 runed door
Orc:2 Azrael; Maurice; Saint Roka


Innate Abilities, Weirdness & Mutations

You are resistant to damage.
You can heal yourself by infusing magical energy.
You resist negative energy. (rN+)
You passively map the area around you.
You do not regenerate.
[Armour fits poorly on your strangely shaped body.]


Message History

Something smites you!
* * * LOW HITPOINT WARNING * * *
The rakshasa hits you from afar with a trident!
* * * LOW HITPOINT WARNING * * *
Unknown command.
You feel much better.
The deep elf blademaster hits you but does no damage. x2
The dire elephant tramples you!
* * * LOW HITPOINT WARNING * * *
You hold your ground!
The dire elephant trunk-slaps you!
* * * LOW HITPOINT WARNING * * *
The deep elf blademaster hits you but does no damage.
The deep elf blademaster hits you with a rapier!
* * * LOW HITPOINT WARNING * * *
You block the deep elf blademaster's attack.
The deep elf blademaster hits you with a rapier!
* * * LOW HITPOINT WARNING * * *
The smoke demon gestures at you. Something smites you!
You die... # ♣ )F)3

# ♣##3
#≈ ♣ .
#...#
. ≈.
#.h.#
. .
#3xY#
.
###h##
.
#.hR#
#.eY#
#ee@#
#####


You could see a dire elephant, 3 deep elf blademasters, a rakshasa, 2 smoke
demons, 3 raiju and a small abomination.

Vanquished Creatures
  A deep elf blademaster (Abyss:3)
  A tentacled starspawn (Abyss:2)
  A thorn hunter (Abyss:3)
  2 tengu reavers (Abyss:3)
  Nessos (D:13)
  A dire elephant (Abyss:3)
  Snorg (D:11)
  A minotaur (Lab)
  An ettin (Orc:1)
  2 rakshasas (Abyss:3)
  5 hydras
  A catoblepas (Lair:6)
  3 centaur warriors
  A death knight (D:14)
  9 two-headed ogres
  An ogre mage (D:13)
  Erica (D:8)
  2 tengu warriors (D:13)
  A thrashing horror (Abyss:2)
  Urug (D:9)
  Sonja (D:10)
  4 skeletal warriors (D:14)
  7 unseen horrors
  A shambling mangrove (Abyss:3)
  A wizard (D:14)
  A deep elf mage (D:13)
  A large abomination (Abyss:3)
  A phantasmal warrior (D:14)
  2 cyclopes
  2 manticores
  4 worldbinders (Abyss:3)
  3 black mambas
  2 water nymphs (Abyss:3)
  2 merfolk sirens (Lair:4)
  3 elephants
  Joseph (Lair:1)
  Psyche (D:8)
  3 centaur zombies
  A smoke demon (Abyss:3)
  7 spiny frogs
  6 gargoyles
  2 torpor snails
  The ghost of tv1990 the Bolt Thrower, a novice FoHu of Okawaru (D:5)
  A kobold demonologist (D:14)
  2 freezing wraiths (D:14)
  2 rime drakes
  5 komodo dragons
  An ancient zyme (Abyss:2)
  2 merfolk (Lair:4)
  The ghost of Gandalfino the Cudgeler, an amateur DrBe of Trog (D:4)
  5 trolls
  3 hornets
  Grinder (D:5)
  16 blink frogs
  A raiju (Abyss:2)
  10 hippogriffs
  2 vampires (D:14)
  6 wyverns
  A ynoxinul (Abyss:2)
  2 shadows
  3 redbacks (Lab)
  3 wraiths
  2 water elementals (Abyss:3)
  A steam dragon (Lair:4)
  27 yaks
  3 hogs (D:9)
  2 hungry ghosts (Lab)
  A human (D:9)
  9 basilisks
  A neqoxec (Abyss:2)
  A warg (Orc:1)
  A soldier ant (D:13)
  2 nagas (Lair:2)
  An acid dragon (D:14)
  8 water moccasins
  11 porcupines
  8 orc warriors
  4 ice beasts
  2 sky beasts
  5 phantoms
  41 wolves
  10 ogres
  16 centaurs
  2 big kobolds
  11 crocodiles
  15 bullfrogs
  A gnoll sergeant (D:8)
  3 scorpions
  10 wights
  3 killer bees (D:12)
  A howler monkey (D:7)
  A bullfrog zombie (D:12)
  5 crimson imps
  A quasit (D:11)
  11 hounds
  15 jellies
  4 centaur skeletons
  9 orc priests
  Ijyb (D:4)
  Terence (D:2)
  12 orc wizards
  5 iguanas
  6 worker ants
  2 small abominations (Abyss:2)
  A hound skeleton (D:4)
  A worker ant zombie (D:10)
  10 adders
  16 gnolls
  A shadow imp (D:12)
  A white imp (Abyss:2)
  An ooze (Lair:5)
  An adder skeleton (D:8)
  4 worms
  3 dart slugs (D:2)
  5 leopard geckos
  54 orcs
  6 giant cockroaches
  10 goblins
  11 hobgoblins
  15 jackals
  6 quokkas
  3 ball pythons
  13 bats
  3 frilled lizards
  19 kobolds
  A leopard gecko skeleton (D:6)
  A quokka skeleton (D:5)
  7 rats
  4 fungi
  A starspawn tentacle (Abyss:2)
634 creatures vanquished.

Vanquished Creatures (others)
  A warg (Orc:2)
  3 fungi
  7 plants
  3 starspawn tentacles (Abyss:2)
14 creatures vanquished.

Grand Total: 648 creatures vanquished

Notes
Turn   | Place    | Note
-------+----------+-------------------------------------------
     0 | D:1      | HungrySpirit the Deep Dwarf Monk began the quest for the Orb.
     0 | D:1      | Reached XP level 1. HP: 20/20 MP: 1/1
   170 | D:1      | Reached XP level 2. HP: 25/27 MP: 2/2
   290 | D:1      | Reached skill level 4 in Axes
   843 | D:2      | Reached XP level 3. HP: 28/34 MP: 3/3
   900 | D:2      | Found a faded altar of an unknown god.
  1011 | D:2      | Noticed Terence
  1061 | D:2      | Killed Terence
  1229 | D:2      | Reached XP level 4. HP: 38/42 MP: 4/4
  1248 | D:1      | Reached skill level 5 in Axes
  1703 | D:3      | Reached XP level 5. HP: 45/50 MP: 5/5
  1843 | D:3      | Reached skill level 6 in Axes
  2125 | D:3      | You fall through a shaft for 2 floors!
  2125 | D:5      | Entered Level 5 of the Dungeon
  2145 | D:5      | Noticed a centaur
  2157 | D:5      | Killed a centaur
  2157 | D:5      | Reached skill level 1 in Armour
  2157 | D:5      | Reached XP level 6. HP: 24/57 MP: 6/6
  2232 | D:5      | Noticed tv1990's ghost (novice FoHu)
  2242 | D:4      | Noticed Gandalfino's ghost (amateur DrBe)
  2365 | D:4      | Killed Gandalfino's ghost
  2365 | D:4      | Reached skill level 7 in Axes
  2365 | D:4      | Reached XP level 7. HP: 23/66 MP: 6/6
  2428 | D:4      | Noticed Ijyb
  2561 | D:2      | Found a glowing golden altar of the Shining One.
  2755 | D:4      | Killed Ijyb
  3130 | D:4      | Reached skill level 5 in Fighting
  3130 | D:4      | Reached skill level 8 in Axes
  3564 | D:5      | Reached XP level 8. HP: 9/74 MP: 7/7
  3601 | D:5      | Killed tv1990's ghost
  3716 | D:5      | Reached skill level 9 in Axes
  3875 | D:5      | Noticed Grinder
  3881 | D:5      | Paralysed by Grinder for 7 turns
  3898 | D:5      | Killed Grinder
  4063 | D:6      | Found Modiohum's Food Boutique.
  4070 | D:6      | Reached skill level 5 in Armour
  4088 | D:6      | Found a staircase to the Ecumenical Temple.
  4106 | Temple   | Entered the Ecumenical Temple
  4162 | Temple   | Became a worshipper of Makhleb the Destroyer
  4162 | Temple   | Reached * piety under Makhleb
  4162 | Temple   | Reached ** piety under Makhleb
  4531 | D:6      | Found a deep blue altar of Sif Muna.
  5013 | D:7      | Reached skill level 10 in Axes
  5057 | D:7      | Gained mutation: You passively map the area around you. [Deep Dwarf growth]
  5057 | D:7      | Reached XP level 9. HP: 45/82 MP: 8/8
  5531 | D:8      | Noticed Psyche
  5537 | D:8      | Killed Psyche
  5545 | D:8      | Reached skill level 11 in Axes
  5665 | D:8      | Noticed Tux's ghost (novice GrFi)
  5896 | D:8      | Reached *** piety under Makhleb
  6296 | D:8      | Noticed a gargoyle
  6320 | D:8      | Killed a gargoyle
  6444 | D:8      | Noticed Erica
  6450 | D:8      | Killed Erica
  6450 | D:8      | Reached XP level 10. HP: 41/94 MP: 9/9
  6628 | D:8      | Reached skill level 12 in Axes
  7112 | D:9      | Found a blossoming altar of Fedhas.
  7290 | D:9      | Reached **** piety under Makhleb
  7552 | D:9      | Found a staircase to the Orcish Mines.
  7631 | D:10     | Entered Level 10 of the Dungeon
  7631 | D:10     | Noticed Urug
  7739 | D:10     | Noticed an elephant
  7812 | D:9      | Killed Urug
  7812 | D:9      | Reached skill level 13 in Axes
  7818 | D:9      | Killed an elephant
  7826 | D:10     | Reached XP level 11. HP: 75/104 MP: 10/10
  7854 | D:10     | Reached ***** piety under Makhleb
  7880 | D:10     | Found a staircase to the Lair.
  7883 | D:10     | Noticed Sonja
  7887 | D:10     | Noticed a two-headed ogre
  7895 | D:10     | Killed Sonja
  7899 | D:10     | Killed a two-headed ogre
  8227 | D:11     | Found Yrioteapp's Antique Armour Shoppe.
  8273 | D:11     | Found a labyrinth entrance.
  8282 | Lab      | Entered a labyrinth
  8518 | Lab      | Reached skill level 14 in Axes
  9123 | Lab      | Noticed a minotaur
  9135 | Lab      | Killed a minotaur
  9201 | D:11     | Noticed a two-headed ogre
  9207 | D:11     | Killed a two-headed ogre
  9207 | D:11     | Reached skill level 10 in Armour
  9233 | D:11     | Noticed Snorg
  9246 | D:11     | Killed Snorg
  9290 | D:11     | Killed an unseen horror
  9413 | D:11     | Reached skill level 15 in Axes
  9413 | D:11     | Reached XP level 12. HP: 59/115 MP: 11/11
  9892 | Lair:1   | Entered Level 1 of the Lair of Beasts
  9898 | Lair:1   | Found a sacrificial altar of Ru.
 10020 | Lair:1   | Noticed Joseph
 10034 | Lair:1   | Killed Joseph
 10555 | Lair:1   | Noticed a four-headed hydra
 10560 | Lair:1   | Killed a four-headed hydra
 10750 | Lair:1   | Reached skill level 10 in Fighting
 11012 | Lair:2   | Reached skill level 16 in Axes
 11090 | Lair:2   | Found a staircase to the Snake Pit.
 11500 | Lair:2   | Reached ****** piety under Makhleb
 12732 | Lair:4   | Reached XP level 13. HP: 75/124 MP: 12/12
 12733 | Lair:4   | Found a staircase to the Shoals.
 13621 | Lair:5   | Reached skill level 17 in Axes
 13770 | Lair:5   | Found a staircase to the Slime Pits.
 14576 | Lair:6   | Entered Level 6 of the Lair of Beasts
 15103 | Orc:1    | Entered Level 1 of the Orcish Mines
 15277 | Orc:2    | Entered Level 2 of the Orcish Mines
 15277 | Orc:2    | Found Jigot's Armour Shoppe.
 15277 | Orc:2    | Noticed Azrael
 15277 | Orc:2    | Noticed Maurice
 15375 | Orc:1    | Noticed an ettin
 15383 | Orc:1    | Killed an ettin
 15383 | Orc:1    | Reached skill level 18 in Axes
 15635 | Orc:2    | Noticed Saint Roka
 15783 | D:12     | Reached skill level 1 in Invocations
 15833 | D:12     | Found Ceudwape's Antique Armour Emporium.
 15841 | D:12     | Bought a pair of embroidered boots for 255 gold pieces
 15841 | D:12     | Bought a crude plate armour for 952 gold pieces
 15857 | D:12     | Identified the cursed +1 plate armour of Mezcal {MR+ Str+8 Int-4 SInv} (You bought it in a shop on level 12 of the Dungeon)
 15891 | D:12     | Gained mutation: You resist negative energy. (rN+) [Deep Dwarf growth]
 15891 | D:12     | Reached XP level 14. HP: 112/136 MP: 11/13
 15894 | D:12     | Found an iron altar of Okawaru.
 16719 | D:13     | Reached skill level 1 in Shields
 17270 | D:13     | Found a gate to the Vaults.
 17551 | D:13     | Noticed Nessos
 17563 | D:13     | Killed Nessos
 17781 | D:14     | Reached skill level 5 in Invocations
 17988 | D:14     | Reached skill level 5 in Shields
 18095 | D:14     | Reached skill level 19 in Axes
 18443 | D:14     | Found a runed door.
 18465 | D:14     | Cast into level 2 of the Abyss (skeletal warrior)
 18535 | Abyss:2  | Found a corrupted altar of Lugonu.
 18611 | Abyss:2  | Noticed a tentacled starspawn
 18644 | Abyss:2  | Killed a tentacled starspawn
 18684 | Abyss:2  | Reached XP level 15. HP: 133/146 MP: 18/18
 18710 | Abyss:2  | Found a burning altar of Makhleb.
 18721 | Abyss:3  | Found a corrupted altar of Lugonu.
 18808 | Abyss:3  | Noticed a thorn hunter
 18822 | Abyss:3  | Killed a thorn hunter
 18848 | Abyss:3  | Noticed a tengu reaver
 18853 | Abyss:3  | Noticed a deep elf blademaster
 18858 | Abyss:3  | Killed a tengu reaver
 18873 | Abyss:3  | Killed a deep elf blademaster
 18882 | Abyss:3  | Paralysed by a hornet for 1 turns
 18886 | Abyss:3  | Paralysed by a hornet for 3 turns
 18894 | Abyss:3  | Noticed a deep elf blademaster
 18894 | Abyss:3  | Noticed a tengu reaver
 18901 | Abyss:3  | Killed a tengu reaver
 18993 | Abyss:3  | Got an abyssal rune of Zot
 18997 | Abyss:3  | Killed from afar by a smoke demon

Skill      XL: |  1  2  3  4  5  6  7  8  9 10 11 12 13 14 15 |
---------------+----------------------------------------------+-----
Axes           | 4 5 6 7 8 10 11 13 15 16 18 19 | 19.7
Fighting       | 3 4 5 6 7 8 9 10 11 12 | 12.8
Armour         | 1 2 3 5 7 8 10 11 12 | 12.7
Invocations    | 1 6 8 |  8.2
Shields        | 5 |  5.8
Dodging        | |  3.2
Stealth        | |  2.4

Action                   |  1- 3 |  4- 6 |  7- 9 | 10-12 | 13-15 || total
-------------------------+-------+-------+-------+-------+-------++-------
Melee: Hand axe          |   137 |   168 |       |       |       ||   305
       War axe           |       |    36 |   455 |   225 |       ||   716
       Broad axe         |       |       |       |   493 |   953 ||  1446
Throw: Throwing net      |       |       |       |     1 |       ||     1
 Abil: Heal Wounds       |     2 |     2 |     6 |     3 |    33 ||    46
Evoke: Wand              |       |       |    19 |    22 |    44 ||    85
  Use: Potion            |     1 |     2 |     2 |     7 |     6 ||    18
       Scroll            |       |       |    16 |     9 |    11 ||    36
 Stab: Sleeping          |     4 |       |       |       |       ||     4
  Eat: Chunk             |       |     5 |     7 |     8 |    18 ||    38
       Ration            |       |       |     2 |     6 |     2 ||    10
Armor: Robe              |    18 |       |       |       |       ||    18
       Ring mail         |    19 |       |       |       |       ||    19
       Chain mail        |     7 |   142 |   270 |   517 |   286 ||  1222
       Plate armour      |       |       |       |       |   520 ||   520
Dodge: Dodged            |   104 |    86 |   184 |   339 |   588 ||  1301
Block: Buckler           |       |       |       |       |   120 ||   120
